[Event "Titled Tuesday Blitz February 28 Late 2023"]
[White "Osmonbekov, Talaibek"]
[Black "Levine, David"]
[WhiteFideId "2017253"]
[BlackFideId "2011611"]
[WhiteElo "2135"]
[BlackElo "2113"]
[Result "1-0"]
[Round "05"]
[TimeControl "180+2"]
[Date "2023.02.28"]
[WhiteClock "0:00:33"]
[BlackClock "0:00:42"]

1. d4 d5 2. Bf4 Nf6 3. Nc3 c5 4. e3 a6 5. Nf3 cxd4 6. exd4 Nc6 7. Ne5 Qb6 8. Nxc6 Qxc6 9. a4 Bd7 10. Be2 e6 11. O-O Bb4 12. Nb1 O-O 13. c3 Bd6 14. Bxd6 Qxd6 15. Nd2 b5 16. axb5 Bxb5 17. Bxb5 axb5 18. Qb3 Qc6 19. Nf3 Nd7 20. h3 Ra4 21. Ra3 Rfa8 22. Rfa1 h6 23. g3 R8a5 24. Kg2 Qa6 25. Rxa4 Rxa4 26. Rxa4 Qxa4 27. Qxa4 bxa4 28. Ne5 Nxe5 29. dxe5 Kf8 30. Kf3 Ke7 31. Ke3 Kd7 32. Kd4 Kc6 33. c4 g6 34. f4 g5 35. cxd5+ exd5 36. fxg5 hxg5 37. h4 gxh4 38. gxh4 Kd7 39. Kxd5 1-0


[Site "https://www.chess.com"]

[Event "Titled Tuesday Blitz February 28 Late 2023"]
[White "Souza, Gustavo Horokoski De"]
[Black "Melikhov, Evgeny V."]
[WhiteFideId "2146584"]
[BlackFideId "4122046"]
[WhiteElo "1859"]
[BlackElo "2158"]
[Result "0-1"]
[Round "05"]
[TimeControl "180+2"]
[Date "2023.02.28"]
[WhiteClock "0:00:37"]
[BlackClock "0:00:25"]

1. d4 Nf6 2. c4 e6 3. Nc3 Bb4 4. e3 b6 5. Ne2 Ba6 6. b3 Ne4 7. Bb2 Nxc3 8. Bxc3 Bxc3+ 9. Nxc3 O-O 10. Be2 d5 11. O-O c5 12. cxd5 Bxe2 13. Qxe2 cxd4 14. exd4 exd5 15. Qe5 Nc6 16. Qxd5 Qxd5 17. Nxd5 Rad8 18. Ne3 Nxd4 19. Rfd1 g6 20. Kf1 Rd7 21. Rac1 Rfd8 22. Rc4 Ne6 23. Rxd7 Rxd7 24. g3 f5 25. h4 Kf7 26. Ng2 Rd2 27. a4 Nc5 28. Nf4 Kf6 29. b4 Ne4 30. Nh3 Rd7 31. a5 Nd2+ 0-1


[Site "https://www.chess.com"]

[Event "Titled Tuesday Blitz February 28 Late 2023"]
[White "Prieto Aranguren, Alain"]
[Black "Dias, Joao Batista"]
[WhiteFideId "2268906"]
[BlackFideId "2108240"]
[WhiteElo "2209"]
[BlackElo "1907"]
[Result "1-0"]
[Round "05"]
[TimeControl "180+2"]
[Date "2023.02.28"]
[WhiteClock "0:00:15"]
[BlackClock "0:00:27"]

1. d4 d5 2. c4 c6 3. cxd5 cxd5 4. Nc3 e6 5. Nf3 Nf6 6. Bg5 Be7 7. e3 Nbd7 8. Bd3 h6 9. Bh4 O-O 10. O-O a6 11. Rc1 b5 12. Bb1 Re8 13. Qd3 Nf8 14. Ne5 Bb7 15. f4 Rc8 16. Rf3 b4 17. Ne2 Rxc1+ 18. Nxc1 Ne4 19. Bxe7 Qxe7 20. Nb3 f5 21. Rf1 Rc8 22. Rc1 Rxc1+ 23. Nxc1 Qc7 24. Ne2 a5 25. Qc2 Qb6 26. Ng3 Ba6 27. Nxe4 fxe4 28. Qc5 Qb5 29. Qxb5 Bxb5 30. Bc2 g6 31. Kf2 Kg7 32. Ke1 Kf6 33. Bd1 g5 34. g3 gxf4 35. gxf4 Ng6 36. Ng4+ Kg7 37. Be2 Be8 38. Kd2 Nh4 39. Ne5 Nf5 40. Bg4 Kf6 41. Bxf5 Kxf5 42. Ke2 Bb5+ 43. Kf2 a4 44. a3 bxa3 45. bxa3 Be8 46. Kg3 Bh5 47. Nd7 Be8 48. Nc5 Bc6 49. Kh4 Be8 50. h3 Kf6 51. Nb7 Bc6 52. Nc5 Be8 53. Kg4 Ke7 54. f5 exf5+ 55. Kxf5 Kd6 56. Kf6 h5 57. h4 Bb5 58. Kg6 Be8+ 59. Kg5 Kc6 60. Kf5 Kd6 61. Kf6 Bc6 62. Ne6 Bd7 63. Ng7 Bg4 64. Kg5 Kc6 65. Nxh5 Kb5 66. Kxg4 Kc4 67. Nf4 Kb3 68. h5 Kxa3 69. h6 Kb2 70. h7 a3 71. h8=Q a2 72. Qa8 a1=Q 73. Qxa1+ Kxa1 74. Nxd5 Kb2 75. Nf6 Kc3 76. Kf4 Kd3 77. Nxe4 1-0


[Site "https://www.chess.com"]

[Event "Titled Tuesday Blitz February 28 Late 2023"]
[White "Guimaraes, Wagner Peixoto"]
[Black "Pissama Ntsaou, Martial"]
[WhiteFideId "2100940"]
[BlackFideId "17400864"]
[WhiteElo "2185"]
[BlackElo "2062"]
[Result "1/2-1/2"]
[Round "05"]
[TimeControl "180+2"]
[Date "2023.02.28"]
[WhiteClock "0:00:04"]
[BlackClock "0:00:19"]

1. Nf3 Nf6 2. g3 c5 3. Bg2 g6 4. c4 Bg7 5. O-O O-O 6. d4 cxd4 7. Nxd4 Nc6 8. Nc3 d6 9. b3 Bd7 10. Bb2 a6 11. Rc1 Rc8 12. Qd2 Ne5 13. Bxb7 Rc7 14. Bg2 Nc6 15. Nxc6 Bxc6 16. Nd5 Bxd5 17. cxd5 Rxc1 18. Rxc1 a5 19. Rc6 a4 20. bxa4 Qd7 21. a5 Rb8 22. a6 h5 23. h3 Kh7 24. Bxf6 Rb1+ 25. Kh2 Bxf6 26. Qc2 Rb2 27. Qc4 Qa7 28. Qf4 Rxa2 29. h4 Rxa6 30. Rxa6 Qxa6 31. Bf3 Qa2 32. Qe4 Kg7 33. Qe3 Qb2 34. Qe4 Qe5 35. Qxe5 Bxe5 36. e3 Kf8 37. Kg2 Ke8 38. Be2 Kd8 39. f4 Bc3 40. e4 e6 41. dxe6 fxe6 42. Kf3 Ke7 43. Bb5 Kf6 44. Bd7 e5 1/2-1/2


[Site "https://www.chess.com"]

[Event "Titled Tuesday Blitz February 28 Late 2023"]
[White "Lalanne, Pablo"]
[Black "Vargas, Mauricio"]
[WhiteFideId "112151"]
[BlackFideId "4404572"]
[WhiteElo "2120"]
[BlackElo "2025"]
[Result "1-0"]
[Round "05"]
[TimeControl "180+2"]
[Date "2023.02.28"]
[WhiteClock "0:00:14"]
[BlackClock "0:00:02"]

1. e4 e5 2. Nf3 Nc6 3. Bb5 Nf6 4. d3 Ne7 5. Nxe5 c6 6. Nxf7 Kxf7 7. Bc4+ d5 8. Bb3 Ke8 9. e5 Nfg8 10. O-O g6 11. d4 Nh6 12. Bg5 Nhf5 13. Bf6 Rg8 14. c3 Be6 15. Na3 Kd7 16. Nc2 Bg7 17. g4 Nh6 18. h3 Bxf6 19. exf6 Nc8 20. Qd2 Nf7 21. g5 Bxh3 22. Rfe1 Re8 23. c4 dxc4 24. Bxc4 Ncd6 25. Bb3 Kc7 26. Qf4 Qd7 27. Ne3 Rad8 28. Rac1 Kb8 29. d5 cxd5 30. Bxd5 Ka8 31. Red1 Be6 32. Bg2 Qb5 33. Nd5 Bxd5 34. Rxd5 Qxb2 35. Rcd1 Nf5 36. Rd7 Rxd7 37. Rxd7 Ne5 38. Rxb7 Qxb7 39. Bxb7+ Kxb7 40. Qb4+ Ka8 41. Qb5 Nf3+ 42. Kg2 1-0


[Site "https://www.chess.com"]

[Event "Titled Tuesday Blitz February 28 Late 2023"]
[White "Burke, Paul"]
[Black "Huang, Alex"]
[WhiteFideId "2605767"]
[BlackFideId "4302508"]
[WhiteElo "1892"]
[BlackElo "2029"]
[Result "1/2-1/2"]
[Round "05"]
[TimeControl "180+2"]
[Date "2023.02.28"]
[WhiteClock "0:00:27"]
[BlackClock "0:00:13"]

1. e4 c5 2. d4 cxd4 3. c3 d5 4. exd5 Qxd5 5. cxd4 Nc6 6. Nf3 Nf6 7. Be2 e6 8. Nc3 Qd6 9. a3 a6 10. h3 Be7 11. Be3 O-O 12. O-O Rd8 13. Qc2 b6 14. Rad1 Nd5 15. Nxd5 exd5 16. Ne5 Bb7 17. Nxc6 Bxc6 18. Bd3 g6 19. Qe2 a5 20. Qf3 Bf8 21. Bf4 Qd7 22. Be5 Bg7 23. Bxg7 Kxg7 24. Rfe1 Re8 25. Qg3 Ba4 26. Rc1 Rac8 27. f3 Bb5 28. Bb1 Bc4 29. Kh2 Qb5 30. Rxe8 Rxe8 31. Re1 Rxe1 32. Qxe1 Qxb2 33. Qe5+ Kg8 34. Qe8+ Kg7 35. Qe5+ Kg8 36. Qe8+ Kg7 37. Qe5+ 1/2-1/2


[Site "https://www.chess.com"]

[Event "Titled Tuesday Blitz February 28 Late 2023"]
[White "Quirke, Jeffrey"]
[Black "tandercat"]
[WhiteFideId "2013029"]
[WhiteElo "2206"]
[BlackElo "1874"]
[Result "0-1"]
[Round "05"]
[TimeControl "180+2"]
[Date "2023.02.28"]
[WhiteClock "0:00:01"]
[BlackClock "0:00:04"]

1. e4 c5 2. c3 Nf6 3. e5 Nd5 4. d4 cxd4 5. cxd4 Nc6 6. Nf3 d6 7. Bc4 Nb6 8. Bb5 dxe5 9. Nxe5 Bd7 10. Nxd7 Qxd7 11. Be3 a6 12. Bxc6 Qxc6 13. O-O e6 14. Nc3 Rd8 15. Rc1 Nd5 16. Qb3 Be7 17. Ne4 Qd7 18. Nc5 Bxc5 19. Rxc5 O-O 20. Rfc1 Rc8 21. Qc4 Rxc5 22. Qxc5 h6 23. h3 Rd8 24. a3 Nf6 25. b4 Ne4 26. Qc7 Nf6 27. Qxd7 Rxd7 28. Rc5 Nd5 29. b5 Rc7 30. b6 Rd7 31. a4 Nxb6 32. a5 Nd5 33. Rc8+ Kh7 34. g4 Kg6 35. Kg2 Rc7 36. Rd8 Rc2 37. Kf3 Rc3 38. Rd7 Rc7 39. Rd8 Rc3 40. Rd7 Ra3 41. Rxb7 Rxa5 42. h4 Ra3 43. h5+ Kf6 44. Ke4 Nc3+ 45. Kf3 Nd5 46. Ke4 a5 47. f4 Nc3+ 48. Kd3 Nd5+ 49. Kd2 Rxe3 50. Ra7 Re4 51. Rxa5 Rxd4+ 52. Ke2 Rxf4 0-1


[Site "https://www.chess.com"]

[Event "Titled Tuesday Blitz February 28 Late 2023"]
[White "Nakamura, Hikaru"]
[Black "Martinez Alcantara, Jose Eduardo"]
[WhiteFideId "2016192"]
[BlackFideId "3805662"]
[WhiteElo "2879"]
[BlackElo "2712"]
[Result "1-0"]
[Round "06"]
[TimeControl "180+2"]
[Date "2023.02.28"]
[WhiteClock "0:02:00"]
[BlackClock "0:01:37"]

1. e4 e5 2. Bc4 Nf6 3. d3 c6 4. Nf3 Be7 5. O-O d6 6. c3 O-O 7. Nbd2 Nbd7 8. Bb3 Nc5 9. Bc2 Re8 10. d4 Ncd7 11. Re1 Bf8 12. Nf1 g6 13. Ng3 Bg7 14. h3 h6 15. Be3 Qc7 16. Qd2 Kh7 17. Rad1 a5 18. a4 Nb6 19. b3 Nbd7 20. Bd3 b6 21. Bc4 d5 22. exd5 cxd5 23. Bb5 e4 24. Bf4 Qd8 25. Ne5 Bb7 26. Nxf7 Qe7 27. Nd6 Reb8 28. Nxb7 Rxb7 29. Bc6 Raa7 30. c4 1-0


[Site "https://www.chess.com"]

[Event "Titled Tuesday Blitz February 28 Late 2023"]
[White "Bluebaum, Matthias"]
[Black "Carlsen, Magnus"]
[WhiteFideId "24651516"]
[BlackFideId "1503014"]
[WhiteElo "2638"]
[BlackElo "2852"]
[Result "0-1"]
[Round "06"]
[TimeControl "180+2"]
[Date "2023.02.28"]
[WhiteClock "0:00:19"]
[BlackClock "0:00:57"]

1. d4 Nf6 2. c4 e6 3. Nc3 Bb4 4. e3 O-O 5. Bd2 d5 6. Nf3 Re8 7. Rc1 a6 8. c5 Nc6 9. a3 Bxc3 10. Bxc3 Ne4 11. Qc2 e5 12. Nxe5 Nxe5 13. dxe5 Nxc5 14. b4 Ne4 15. Bb2 c6 16. Bd3 Bf5 17. f3 Qh4+ 18. Ke2 Qf2+ 19. Kd1 Qxe3 20. Rf1 Ng3 21. hxg3 Bxd3 22. Qf2 Qg5 23. Re1 h5 24. Qd2 Qg6 25. Rc3 Bf5 26. Qf2 a5 27. Rh1 axb4 28. axb4 d4 29. Rc4 Be6 30. Rxd4 Qb1+ 31. Bc1 Bb3+ 0-1


[Site "https://www.chess.com"]

[Event "Titled Tuesday Blitz February 28 Late 2023"]
[White "Firouzja, Alireza"]
[Black "Svane, Rasmus"]
[WhiteFideId "12573981"]
[BlackFideId "4657101"]
[WhiteElo "2904"]
[BlackElo "2597"]
[Result "1-0"]
[Round "06"]
[TimeControl "180+2"]
[Date "2023.02.28"]
[WhiteClock "0:00:14"]
[BlackClock "0:00:03"]

1. d4 Nf6 2. c4 e6 3. a3 d5 4. e3 a6 5. cxd5 exd5 6. Bd3 Bd6 7. Nc3 O-O 8. Nge2 Re8 9. O-O b6 10. Bd2 c5 11. h3 Nbd7 12. Rc1 Bb7 13. Bb1 Nf8 14. Nf4 Bxf4 15. exf4 Ne6 16. dxc5 d4 17. Na4 Qd5 18. f3 bxc5 19. f5 Nf8 20. Nxc5 N8d7 21. Qb3 Nxc5 22. Qxd5 Bxd5 23. Rxc5 Re2 24. Rf2 Re7 25. Bd3 h6 26. Ra5 Bb7 27. Bb4 Rd7 28. Rd2 Nd5 29. Bc5 Ne7 30. Bc2 Nc6 31. Ra4 Rad8 32. Be4 d3 33. Bb6 Re8 34. Rxd3 Rxe4 35. Rxd7 Rxa4 36. Rxb7 Rc4 37. Be3 Ne5 38. Rb6 a5 39. Rb5 Nd3 40. Rxa5 Nxb2 41. Rb5 Na4 42. Rb4 Rc3 43. Bxh6 Rxa3 44. Rg4 g6 45. fxg6 fxg6 46. Rxg6+ Kh7 47. Ra6 Ra2 48. Bf4 Nc3 49. Rxa2 Nxa2 50. Bd2 1-0


[Site "https://www.chess.com"]

[Event "Titled Tuesday Blitz February 28 Late 2023"]
[White "Bortnyk, Olexandr"]
[Black "Yu, Yangyi"]
[WhiteFideId "14120828"]
[BlackFideId "8603820"]
[WhiteElo "2734"]
[BlackElo "2783"]
[Result "0-1"]
[Round "06"]
[TimeControl "180+2"]
[Date "2023.02.28"]
[WhiteClock "0:00:02"]
[BlackClock "0:00:32"]

1. d4 Nf6 2. Nc3 d5 3. Bf4 c6 4. e3 Bf5 5. Nf3 Nbd7 6. Ne5 h5 7. Bd3 e6 8. Bxf5 exf5 9. Ne2 Nxe5 10. Bxe5 Nd7 11. h4 Nxe5 12. dxe5 Qe7 13. f4 f6 14. Qd3 g6 15. exf6 Qxf6 16. O-O-O Bg7 17. c3 O-O-O 18. Nd4 Rhe8 19. Nf3 Re7 20. Rhe1 Rde8 21. Kb1 a6 22. Re2 Kb8 23. a3 Qf7 24. g3 Bf6 25. Qc2 Rxe3 26. Rde1 R3e4 27. Qd3 Qc7 28. Nd2 R4e7 29. Rxe7 Rxe7 30. Rxe7 Qxe7 31. Kc2 Qe6 32. Kd1 Kc7 33. a4 Qe7 34. Qe2 Qxe2+ 35. Kxe2 b5 36. axb5 cxb5 37. Kd3 a5 38. Nf3 Kd6 39. Ne1 Kc5 40. Nf3 b4 41. cxb4+ Kxb4 42. Ne5 a4 43. Kc2 Bxe5 44. fxe5 Kc5 45. Kd3 d4 46. e6 Kd6 47. Kxd4 Kxe6 0-1


[Site "https://www.chess.com"]

[Event "Titled Tuesday Blitz February 28 Late 2023"]
[White "Vachier-Lagrave, Maxime"]
[Black "Paravyan, David"]
[WhiteFideId "623539"]
[BlackFideId "4194985"]
[WhiteElo "2740"]
[BlackElo "2577"]
[Result "1-0"]
[Round "06"]
[TimeControl "180+2"]
[Date "2023.02.28"]
[WhiteClock "0:00:54"]
[BlackClock "0:00:01"]

1. e4 e5 2. Nf3 Nf6 3. d4 Nxe4 4. dxe5 Bc5 5. Bc4 Nxf2 6. Bxf7+ Kxf7 7. Qd5+ Kg6 8. Qxc5 Nxh1 9. Qc4 d5 10. exd6 Re8+ 11. Kf1 Qxd6 12. Nc3 b6 13. b4 h6 14. Bf4 Qc6 15. Qd3+ Kf7 16. Kg1 Kg8 17. Kxh1 Bb7 18. Rd1 Qe6 19. b5 Bxf3 20. gxf3 Qf7 21. Nd5 Nd7 22. Nxc7 Qxf4 23. Nxa8 Nc5 24. Qd5+ Kh7 25. Rg1 Re2 26. Qh5 Qf5 27. Qxf5+ 1-0


[Site "https://www.chess.com"]

[Event "Titled Tuesday Blitz February 28 Late 2023"]
[White "Kamsky, Gata"]
[Black "Caruana, Fabiano"]
[WhiteFideId "2000024"]
[BlackFideId "2020009"]
[WhiteElo "2666"]
[BlackElo "2818"]
[Result "1/2-1/2"]
[Round "06"]
[TimeControl "180+2"]
[Date "2023.02.28"]
[WhiteClock "0:00:03"]
[BlackClock "0:00:05"]

1. d4 Nf6 2. Bf4 d6 3. Nf3 g6 4. h3 Bg7 5. c3 O-O 6. Nbd2 c5 7. dxc5 dxc5 8. e4 Nc6 9. Be2 b6 10. O-O Bb7 11. Re1 Nh5 12. Bh2 Bh6 13. Bf1 Nf4 14. Nc4 Qxd1 15. Raxd1 Rfd8 16. Ne3 Ne6 17. Nd5 Kf8 18. Nd2 Na5 19. Nc4 Nxc4 20. Bxc4 Bc6 21. Ba6 Rd7 22. Kf1 Rad8 23. Ke2 b5 24. b3 b4 25. cxb4 Nd4+ 26. Kf1 Nc2 27. bxc5 Nxe1 28. Rxe1 Bd2 29. Re2 Bxd5 30. exd5 Rxd5 31. c6 Rc5 32. g4 Rxc6 33. Bc4 e6 34. Be5 Ba5 35. Bf6 Rd1+ 36. Kg2 Bd8 37. Bb2 Bb6 38. Bf6 Rcd6 39. a4 R6d2 40. Kf3 Rxe2 41. Kxe2 Rh1 42. b4 Rc1 43. Bd3 a5 44. bxa5 Bxa5 45. h4 Rg1 46. f3 Rh1 47. Bb5 Rh2+ 48. Kd3 Ra2 49. Ke4 Bb4 50. h5 Be7 51. Be5 gxh5 52. gxh5 Bb4 53. Bc7 Rc2 54. Bb6 Ra2 55. h6 Ke7 56. f4 f5+ 57. Kd4 Kd6 58. Kc4 Rb2 59. Bd4 Rb1 60. Be5+ Ke7 61. Kd4 Bd6 62. Kc4 Bxe5 63. fxe5 Re1 64. a5 Rxe5 65. a6 Re1 66. Kc5 Ra1 67. Kb6 Kf6 68. a7 Kg5 69. Ba6 Rb1+ 70. Bb5 Ra1 71. Ba6 Rb1+ 72. Bb5 Ra1 1/2-1/2


[Site "https://www.chess.com"]

[Event "Titled Tuesday Blitz February 28 Late 2023"]
[White "Andreikin, Dmitry"]
[Black "Sjugirov, Sanan"]
[WhiteFideId "4158814"]
[BlackFideId "4189302"]
[WhiteElo "2736"]
[BlackElo "2569"]
[Result "1-0"]
[Round "06"]
[TimeControl "180+2"]
[Date "2023.02.28"]
[WhiteClock "0:00:09"]
[BlackClock "0:00:04"]

1. c4 e6 2. Nc3 d5 3. d4 Nf6 4. Nf3 c6 5. g3 dxc4 6. Bg2 Nbd7 7. O-O Be7 8. e4 O-O 9. Bf4 Re8 10. a4 b6 11. Qe2 a5 12. Rfd1 Ba6 13. h4 h6 14. Nd2 Bb4 15. g4 Qe7 16. g5 hxg5 17. hxg5 Nh7 18. e5 Rac8 19. Qh5 Ndf8 20. Be4 Bxc3 21. bxc3 c5 22. dxc5 Rxc5 23. f3 Bb7 24. Bxh7+ Nxh7 25. Kf2 g6 26. Qh4 Qf8 27. Ne4 Bxe4 28. fxe4 Qg7 29. Rh1 Rd8 30. Rab1 Rc7 31. Rxb6 Rcd7 32. Rd6 Kh8 33. Qh2 Kg8 34. Be3 Kh8 35. Bd4 Kg8 36. Qf4 Nf8 37. Qh4 Qh7 38. Ke3 Qxh4 39. Rxh4 Nh7 40. Kf4 Nf8 41. Rh1 Rb8 42. Bc5 Rdb7 43. Rhd1 Kg7 44. Rd8 Rxd8 45. Rxd8 Nd7 46. Be7 Ra7 47. Ke3 Rb7 48. Kd4 Rc7 49. Bd6 Rb7 50. Kxc4 Nb6+ 51. Kb5 Nd5+ 52. Kc6 Rb6+ 53. Kc5 1-0


[Site "https://www.chess.com"]

[Event "Titled Tuesday Blitz February 28 Late 2023"]
[White "Duda, Jan-Krzysztof"]
[Black "Baskakov, Egor"]
[WhiteFideId "1170546"]
[BlackFideId "24197866"]
[WhiteElo "2790"]
[BlackElo "2212"]
[Result "1/2-1/2"]
[Round "06"]
[TimeControl "180+2"]
[Date "2023.02.28"]
[WhiteClock "0:00:03"]
[BlackClock "0:00:04"]

1. Nc3 c5 2. e4 Nc6 3. Bc4 g6 4. h4 h6 5. d3 Bg7 6. a3 e6 7. Ba2 Nge7 8. f4 h5 9. Nf3 d5 10. Bd2 Nd4 11. Ng5 Qb6 12. Rb1 O-O 13. Ne2 dxe4 14. dxe4 Rd8 15. c3 Nxe2 16. Qxe2 Bd7 17. Bc4 Qc6 18. g4 b5 19. Bb3 c4 20. Bc2 f6 21. gxh5 fxg5 22. hxg5 e5 23. h6 Bf8 24. fxe5 Qe6 25. Bf4 Nc6 26. Qh2 Kh7 27. Rd1 Bc5 28. Kd2 a5 29. Kc1 b4 30. Rd5 Bf8 31. a4 bxc3 32. bxc3 Ba3+ 33. Kb1 Rab8+ 34. Ka2 Qe7 35. Rb1 Rxb1 36. Bxb1 Rb8 37. e6 Bxe6 38. Bxb8 Bxd5 39. exd5 Nxb8 40. Qxb8 Bd6 41. Qb6 Qe2+ 42. Ka1 Qe5 43. Qxa5 Qxg5 44. Qb5 Qf4 45. a5 Be5 46. a6 Bxc3+ 47. Ka2 Qd2+ 48. Ka3 Qc1+ 49. Ka4 Qd1+ 50. Ka3 Qc1+ 51. Ka2 Qd2+ 52. Ka3 Qc1+ 1/2-1/2


[Site "https://www.chess.com"]

[Event "Titled Tuesday Blitz February 28 Late 2023"]
[White "Grischuk, Alexander"]
[Black "Moroni, Luca Jr"]
[WhiteFideId "4126025"]
[BlackFideId "865834"]
[WhiteElo "2727"]
[BlackElo "2569"]
[Result "1-0"]
[Round "06"]
[TimeControl "180+2"]
[Date "2023.02.28"]
[WhiteClock "0:00:06"]
[BlackClock "0:00:03"]

1. Nf3 g6 2. e4 Bg7 3. d4 d6 4. Bd3 Nf6 5. O-O O-O 6. Re1 Nc6 7. d5 Nb8 8. h3 e5 9. c4 Nh5 10. Nc3 Nd7 11. Rb1 h6 12. b4 f5 13. c5 f4 14. a4 g5 15. Be2 Nhf6 16. Ba3 g4 17. hxg4 Nxg4 18. Rb3 Ndf6 19. a5 a6 20. Bd3 h5 21. b5 axb5 22. cxd6 cxd6 23. Nxb5 Ne8 24. Bb4 Rf6 25. Qd2 Rg6 26. Kf1 b6 27. Ra1 Ba6 28. Rba3 Bc8 29. a6 h4 30. a7 h3 31. gxh3 Ngf6 32. Ke1 Bxh3 33. Qc2 Bg2 34. Be2 Rh6 35. Kd2 Rc8 36. Rc3 Ra8 37. Rc6 Ng4 38. Rg1 Bxf3 39. Bxf3 Nxf2 40. Kc1 Rh2 41. Rg2 Rxg2 42. Bxg2 Ng4 43. Bh3 Ne3 44. Be6+ Kf8 45. Qh2 Qg5 46. Nxd6 Nxd6 47. Bxd6+ Ke8 48. Rc8+ Rxc8+ 49. Bxc8 f3 50. a8=Q Nf1+ 51. Kb1 Nxh2 52. Be6+ Qd8 53. Qc6+ 1-0


[Site "https://www.chess.com"]

[Event "Titled Tuesday Blitz February 28 Late 2023"]
[White "Gokerkan, Cem Kaan"]
[Black "Matlakov, Maxim"]
[WhiteFideId "6336760"]
[BlackFideId "4168003"]
[WhiteElo "2365"]
[BlackElo "2666"]
[Result "0-1"]
[Round "06"]
[TimeControl "180+2"]
[Date "2023.02.28"]
[WhiteClock "0:00:08"]
[BlackClock "0:00:09"]

1. e4 e5 2. Nc3 Nf6 3. f4 d5 4. fxe5 Nxe4 5. Qf3 Nc6 6. Bb5 Nxc3 7. dxc3 Be7 8. Ne2 O-O 9. Bf4 Bf5 10. O-O-O Be4 11. Qf2 a6 12. Bd3 Qc8 13. Ng3 Qe6 14. Kb1 Bg6 15. h4 Bxd3 16. Rxd3 Rad8 17. Re1 Bxh4 18. Rh1 Qg4 19. Qe3 Rfe8 20. Ne2 f6 21. Qd2 fxe5 22. Bh2 Bg5 23. Qd1 d4 24. cxd4 exd4 25. Rf3 Bf6 26. Rhf1 d3 27. cxd3 Qb4 28. Qc2 Rxe2 29. Qxe2 Nd4 30. a3 Qb6 31. Qe4 Nxf3 32. Qe2 Nxh2 33. Rc1 Ng4 34. Rc4 Ne5 35. Rb4 Qd6 36. d4 Nc6 37. Rc4 Nxd4 38. Qd3 c5 39. Rc1 b5 40. Rd1 h6 41. Qe4 Kh8 42. a4 Qe5 43. Qd3 Qf5 44. axb5 Qxd3+ 45. Rxd3 axb5 46. b3 c4 47. bxc4 bxc4 48. Rc3 Rb8+ 49. Ka2 Ra8+ 50. Kb1 Rc8 51. Ka2 Nb5 52. Re3 c3 0-1


[Site "https://www.chess.com"]

[Event "Titled Tuesday Blitz February 28 Late 2023"]
[White "Kramnik, Vladimir"]
[Black "Mendonca, Leon Luke"]
[WhiteFideId "4101588"]
[BlackFideId "35028561"]
[WhiteElo "2712"]
[BlackElo "2464"]
[Result "1/2-1/2"]
[Round "06"]
[TimeControl "180+2"]
[Date "2023.02.28"]
[WhiteClock "0:00:02"]
[BlackClock "0:00:10"]

1. Nf3 Nf6 2. g3 d5 3. Bg2 e6 4. O-O Be7 5. c4 O-O 6. cxd5 exd5 7. b3 Re8 8. Bb2 c6 9. d3 Bg4 10. h3 Bh5 11. Nbd2 Nbd7 12. a3 a5 13. Re1 Bc5 14. Qc2 Qb6 15. e3 Rad8 16. Bc3 Qa7 17. b4 Bb6 18. Qb2 axb4 19. axb4 Qb8 20. b5 c5 21. d4 c4 22. Nh4 Nf8 23. Bb4 Bg6 24. Nxg6 hxg6 25. Bxf8 Rxf8 26. Nb1 Qc7 27. Nc3 g5 28. Qb4 g6 29. Rec1 Kg7 30. Ra2 Rfe8 31. Rca1 Qd7 32. Qb1 Rh8 33. Qd1 Qf5 34. Na4 Qe6 35. Nc5 Qe7 36. Na4 Qd6 37. Qf3 Rhe8 38. Nc3 Rh8 39. Qe2 Qe6 40. Qf3 Qd6 41. Qd1 Qe6 42. g4 Qd6 43. Rd2 Bc7 44. Kf1 Bb6 45. Rda2 Qh2 46. Qf3 Qd6 47. Ra4 Rhe8 48. Qe2 Qe6 49. Bf3 Qd6 50. Kg1 Bc7 51. Bg2 Qh2+ 52. Kf1 Bb6 53. Qf3 Qd6 54. R1a2 Qe6 55. Qg3 Qd7 56. Kg1 Bc7 57. Qf3 Bb6 58. Qg3 Bc7 59. Qf3 Bb6 60. Qg3 1/2-1/2


[Site "https://www.chess.com"]

[Event "Titled Tuesday Blitz February 28 Late 2023"]
[White "Holt, Conrad"]
[Black "Pranav, V"]
[WhiteFideId "2034387"]
[BlackFideId "25060783"]
[WhiteElo "2592"]
[BlackElo "2500"]
[Result "0-1"]
[Round "06"]
[TimeControl "180+2"]
[Date "2023.02.28"]
[WhiteClock "0:00:02"]
[BlackClock "0:01:16"]

1. d4 Nf6 2. c4 e6 3. Nc3 Bb4 4. Qc2 O-O 5. e4 d6 6. Bd3 Nc6 7. Nf3 Ba5 8. a3 Bb6 9. Ne2 e5 10. c5 dxc5 11. d5 Nd4 12. Nexd4 cxd4 13. Nxe5 Re8 14. f4 g6 15. Bd2 Ng4 16. Nxg4 Bxg4 17. Kf1 c6 18. h3 Bd7 19. d6 c5 20. e5 c4 21. Qxc4 Rc8 22. Qd5 Rc5 23. Qf3 f6 24. b4 Rc8 25. Re1 fxe5 26. Rxe5 Qf6 27. Qd5+ Kg7 28. Kf2 Bc6 29. d7 Bxd5 30. Rxd5 Qf7 31. dxe8=Q Rxe8 32. Rg5 Bc7 33. Rf1 Qb3 34. Rg3 Qb2 35. Rd1 Bxf4 0-1


[Site "https://www.chess.com"]

[Event "Titled Tuesday Blitz February 28 Late 2023"]
[White "Sarana, Alexey"]
[Black "Fier, Alexandr"]
[WhiteFideId "24133795"]
[BlackFideId "2107139"]
[WhiteElo "2717"]
[BlackElo "2610"]
[Result "0-1"]
[Round "06"]
[TimeControl "180+2"]
[Date "2023.02.28"]
[WhiteClock "0:00:07"]
[BlackClock "0:01:29"]

1. c4 g6 2. d4 Nf6 3. e4 Nxe4 4. Bd3 Nf6 5. Nc3 d5 6. cxd5 Nxd5 7. Qf3 c6 8. Nge2 Bg7 9. h4 h5 10. Bg5 O-O 11. Nxd5 cxd5 12. O-O Nc6 13. Qe3 Bg4 14. f3 Bd7 15. Bb5 Re8 16. Bxc6 Bxc6 17. Rfe1 Qd7 18. Bh6 Bh8 19. Bf4 Qf5 20. Be5 f6 21. Bg3 e5 22. Rad1 Re7 23. Qa3 Rae8 24. Qxa7 e4 25. fxe4 Rxe4 26. Nc3 Rxe1+ 27. Rxe1 Rxe1+ 28. Bxe1 Qf4 29. Qc5 g5 30. Nxd5 Qe4 31. Ne7+ Kf7 32. Nxc6 Qxe1+ 33. Kh2 Qxh4+ 34. Kg1 Qe1+ 35. Kh2 bxc6 36. Qxc6 h4 37. Qd7+ Kg6 38. a4 f5 39. a5 g4 40. Qd6+ Bf6 41. g3 Qf2+ 42. Kh1 hxg3 0-1


[Site "https://www.chess.com"]

[Event "Titled Tuesday Blitz February 28 Late 2023"]
[White "Maximov, Dmitry"]
[Black "Bortnyk, Mykola"]
[WhiteFideId "14105659"]
[BlackFideId "14120836"]
[WhiteElo "2494"]
[BlackElo "2582"]
[Result "0-1"]
[Round "06"]
[TimeControl "180+2"]
[Date "2023.02.28"]
[WhiteClock "0:00:01"]
[BlackClock "0:00:01"]

1. e4 Nf6 2. Nc3 d5 3. e5 Nfd7 4. d4 c5 5. dxc5 e6 6. Nf3 Nc6 7. Bf4 Be7 8. h4 Nxc5 9. a3 a6 10. Rh3 b5 11. Rg3 g6 12. h5 Bb7 13. Bd3 b4 14. axb4 Nxd3+ 15. Qxd3 Nxb4 16. Qd2 d4 17. Ne2 d3 18. cxd3 Qxd3 19. Rd1 Rd8 20. Nfd4 Qe4 21. f3 Qd5 22. Bg5 Qxe5 23. Bxe7 Rxd4 24. Qc3 Rxd1+ 25. Kxd1 Qxc3 26. bxc3 Kxe7 27. cxb4 Rc8 28. hxg6 hxg6 29. Rg4 Bd5 30. Kd2 e5 31. Nc3 Be6 32. Rh4 Rc4 33. Rxc4 Bxc4 34. Ne4 Ke6 35. Ke3 f5 36. Nc3 f4+ 37. Kf2 Bd3 38. g3 Kf5 39. gxf4 exf4 40. Nd5 Ke5 41. Ne7 Kd6 42. Nc8+ Kc6 43. Ne7+ Kb5 44. Nd5 g5 45. Ke1 Bc4 46. Nc3+ Kxb4 47. Ne4 a5 48. Kd2 g4 49. fxg4 a4 50. Kc1 a3 51. Nf2 f3 52. Kb1 Kc3 53. Ka1 Kd4 54. g5 Ke5 55. g6 Kf6 0-1


[Site "https://www.chess.com"]